[Event "44th Chess Olympiad Open 2022"]
[Site "Chennai"]
[Date "2022.08.05"]
[Round "7.72"]
[White "Husbands, Orlando"]
[Black "Moncur, Cecil"]
[Result "1/2-1/2"]
[ECO "A42"]
[WhiteElo "2353"]
[BlackElo "1815"]
[Annotator "TA"]
[PlyCount "126"]
[EventDate "2022.07.29"]
[EventType "team-tourn"]
[EventCountry "IND"]
[SourceTitle "playchess.com"]
[Source "ChessBase"]
[SourceQuality "1"]
[WhiteTeam "Barbados"]
[BlackTeam "Bahamas"]
[WhiteTeamCountry "BAR"]
[BlackTeamCountry "BAH"]
[TimeControl "40/5400+30:1800+30"]

1. d4 g6 2. c4 Bg7 3. Nc3 d6 4. e4 Nc6 5. Be3 e5 6. d5 Nce7 7. g4 f5 8. gxf5 gxf5 9. Qh5+ Ng6 10. exf5 Qh4 11. Qf3 N6e7 12. Nb5 {[%emt 0:00:00] A42: Modern Defence: Averbakh Variation.} Kd8 13. Nh3 {[%emt 0:00:08] White is more active.} (13. Bd3 Nh6 $11) (13. Qg2 $14 Bh6 14. Nf3) 13... Bh6 $1 $11 {[%emt 0:06:30] [#]} 14. Bd3 $146 (14. Nxa7 $2 Bd7 15. Rg1 Bxe3 $19) (14. Qg3 $5 Qf6 15. Rg1 $11) ({Predecessor:} 14. Rg1 Bxe3 15. Qxe3 Nxf5 16. Qg5+ Nf6 17. O-O-O a6 18. Nc3 Rg8 19. Qxh4 Nxh4 20. Rxg8+ Nxg8 {½-½ (61) Notkin,M (2520)-Losev,D (2375) Moscow 1996}) 14... a6 15. Nc3 ({Much weaker is} 15. Bxh6 Nxh6 16. Nc3 Nhxf5 $17) 15... Bxe3 16. Qxe3 Nxf5 17. Qg5+ Qxg5 ({Don't play} 17... Nge7 18. Bxf5 Qxg5 19. Nxg5 $16) (17... Ke8 $1 $11 18. Bxf5 Qxg5 19. Nxg5 Bxf5) 18. Nxg5 $14 Ke7 {[%emt 0:00:40] Inhibits Nf7.} 19. Ne6 (19. f4 $14) 19... Bxe6 $11 20. dxe6 Nd4 {[%emt 0:00:55] Strongly threatening ...c6.} 21. Nd5+ Kd8 22. O-O-O (22. f4 $5 ) 22... Nxe6 {[%emt 0:02:02] Pair of Knights!} 23. Bf5 (23. f4 $1 $11) 23... Nd4 $17 24. Bh3 (24. Be4 $142) 24... Ne7 25. Nxe7 Kxe7 26. Rhe1 c5 (26... Nf3 $17 27. Re3 Raf8) 27. f4 $1 $11 Kf6 28. fxe5+ dxe5 29. Rf1+ Kg7 30. Bg2 Rab8 31. Rde1 Rhe8 32. Bd5 Re7 {[%emt 0:00:45] Against Rf7+} 33. Rg1+ Kh8 $1 34. Rg5 Rbe8 35. Re4 Rg7 (35... Nf3 $11 {keeps the balance.} 36. Rg2 Nd4) 36. Rxg7 (36. Rexe5 $16 Rxe5 37. Rxe5 Rg1+ 38. Kd2) 36... Kxg7 37. Bxb7 $16 {[%emt 0:00:03][%mdl 4096] Endgame KRB-KRN} Kf6 38. Rh4 ({White should play} 38. Bd5 $11) 38... Re7 (38... Nf5 $15 39. Rxh7 e4) 39. Be4 $11 Kg5 40. Rxh7 Rxh7 41. Bxh7 {[%emt 0:30:03] KB-KN} Nf3 42. h3 Ng1 $2 {[%emt 0:00:53] [#]} (42... a5 $11 {and Black stays safe.}) 43. h4+ $2 (43. b4 $1 $18 cxb4 44. c5) 43... Kxh4 44. Kd2 Kg3 $2 (44... Nf3+ $11 {and Black has nothing to worry.} 45. Ke3 Ng5) 45. Ke3 $18 {[%emt 0:01:48][%cal Ob2b4] b4! is the strong threat.} Nf3 46. Bf5 $2 (46. Bc2 a5 47. Ke4) 46... a5 47. a3 $2 ({White has to play} 47. Ke4 $18) 47... Ng5 $1 $11 {[%emt 0:01:56] The position is equal.} 48. Bd7 Nf3 49. Be6 {[%emt 0:00:36] [#] Black must now prevent Ke4.} Ng5 50. Bd5 Kg4 51. Be4 Ne6 52. Bb7 Kf5 53. Bc8 Kf6 $1 54. Ke4 {[%emt 0:00:46] Hoping for Kd5.} Nf4 55. Bg4 Kg5 56. Bd7 Kf6 57. Bc8 Ng6 $1 58. Bf5 {[%emt 0:06:17] Threatening mate with Bxg6.} Nf4 59. Bg4 Kg5 60. Bc8 Kf6 61. Bd7 Ke7 $1 62. Kxe5 Nd3+ 63. Ke4 Nxb2 {[%emt 0:05:11] What a bad dream for Black.  Weighted Error Value: White=0.32/Black=0.32} 1/2-1/2

[Event "44th Chess Olympiad Open 2022"]
[Site "Chennai"]
[Date "2022.08.05"]
[Round "7.72"]
[White "Knowles, Kendrick"]
[Black "Blackman, Justin"]
[Result "0-1"]
[ECO "E67"]
[WhiteElo "1907"]
[BlackElo "2195"]
[Annotator "NA RC"]
[PlyCount "108"]
[EventDate "2022.07.29"]
[EventType "team-tourn"]
[EventCountry "IND"]
[SourceTitle "playchess.com"]
[Source "ChessBase"]
[SourceQuality "1"]
[WhiteTeam "Bahamas"]
[BlackTeam "Barbados"]
[WhiteTeamCountry "BAH"]
[BlackTeamCountry "BAR"]
[TimeControl "40/5400+30:1800+30"]

1. Nf3 Nf6 2. d4 d6 3. c4 g6 4. g3 Bg7 5. Bg2 O-O 6. Nc3 Nbd7 7. b3 e5 8. O-O Re8 9. e3 a6 10. a4 a5 11. Ba3 exd4 12. Nxd4 Nc5 13. Bxc5 dxc5 14. Ndb5 Qe7 15. Qf3 c6 16. Na3 Bf5 17. Rac1 Rad8 18. Nab1 Qe6 19. Qf4 Rd7 20. Rfe1 Nh5 21. Qf3 Red8 22. e4 Bg4 23. Qe3 Rd3 24. Qxc5 Bd4 25. Qxa5 Qf6 26. Rc2 b6 27. e5 Qe7 28. Qa6 Bc8 29. Nd5 cxd5 30. Qb5 dxc4 31. bxc4 Bc5 32. Nc3 Bb4 33. Nd5 R3xd5 34. cxd5 Bxe1 35. Qxb6 Rf8 36. d6 Qxe5 37. Rxc8 Rxc8 38. d7 Bxf2+ 39. Qxf2 Rc1+ 40. Bf1 Rd1 41. Qa7 Qd4+ 42. Qxd4 Rxd4 43. Bb5 Nf6 44. a5 Nxd7 45. a6 Nc5 46. Kf2 Rd2+ 47. Ke3 Ra2 48. Bc4 Ra3+ 49. Kd4 Nxa6 50. h4 Nc7 51. g4 Rh3 52. h5 gxh5 53. gxh5 Rxh5 54. Bd3 Ne6+ 0-1

[Event "44th Chess Olympiad Open 2022"]
[Site "Chennai"]
[Date "2022.08.05"]
[Round "7.72"]
[White "Edwards, Emar"]
[Black "Karelina, Polina"]
[Result "1-0"]
[ECO "B07"]
[WhiteElo "1695"]
[BlackElo "1835"]
[Annotator "NA RC COMBH"]
[PlyCount "97"]
[EventDate "2022.07.29"]
[EventType "team-tourn"]
[EventCountry "IND"]
[SourceTitle "playchess.com"]
[Source "ChessBase"]
[SourceQuality "1"]
[WhiteTeam "Barbados"]
[BlackTeam "Bahamas"]
[WhiteTeamCountry "BAR"]
[BlackTeamCountry "BAH"]
[TimeControl "40/5400+30:1800+30"]

1. e4 d6 2. d4 Nf6 3. Nc3 c6 4. f4 Qa5 5. Bd3 e5 6. dxe5 dxe5 7. Nf3 Nbd7 8. O-O Bd6 9. f5 h6 10. Kh1 Nf8 11. Qe2 N8h7 12. Bd2 Qc7 13. Rad1 Bd7 14. Bc4 b5 15. Bb3 a5 16. a4 b4 17. Nb1 c5 18. Bc1 Bc6 19. Nbd2 O-O 20. Nc4 Nxe4 21. Nxd6 Nxd6 22. Qxe5 Bxf3 23. Rxf3 Rfe8 24. Qg3 c4 25. Bxh6 f6 26. Bxc4+ Kh8 27. Bxg7+ Qxg7 28. Qxg7+ Kxg7 29. Rxd6 Ng5 30. Rd7+ Kf8 31. Rf1 Rac8 32. b3 Re5 33. Kg1 Ne4 34. Re1 Rcc5 35. Bd3 Nc3 36. Rxe5 Rxe5 37. h4 Nd1 38. Bc4 Re1+ 39. Kh2 Ne3 40. Bd3 Rd1 41. Bb5 Rxd7 42. Bxd7 Nxc2 43. g4 Nd4 44. Be6 Kg7 45. Kg3 Ne2+ 46. Kf3 Ng1+ 47. Ke3 Kh6 48. Bd5 Kg7 49. Bg2 1-0

[Event "44th Chess Olympiad Open 2022"]
[Site "Chennai"]
[Date "2022.08.05"]
[Round "7.72"]
[White "Lockhart, Kenville"]
[Black "Parsons, Justin"]
[Result "0-1"]
[ECO "D02"]
[WhiteElo "1551"]
[BlackElo "1749"]
[Annotator "NA RC COMBH"]
[PlyCount "52"]
[EventDate "2022.07.29"]
[EventType "team-tourn"]
[EventCountry "IND"]
[SourceTitle "playchess.com"]
[Source "ChessBase"]
[SourceQuality "1"]
[WhiteTeam "Bahamas"]
[BlackTeam "Barbados"]
[WhiteTeamCountry "BAH"]
[BlackTeamCountry "BAR"]
[TimeControl "40/5400+30:1800+30"]

1. d4 Nf6 2. Nf3 e6 3. Bf4 Be7 4. e3 O-O 5. Nbd2 d5 6. Bd3 c5 7. c3 b6 8. e4 dxe4 9. Nxe4 Nd5 10. Bg3 f5 11. Bxb8 fxe4 12. Bxe4 Rxb8 13. Qa4 Qc7 14. O-O Bb7 15. Qc2 Nf6 16. Bxb7 Rxb7 17. dxc5 Bxc5 18. Ng5 Qe5 19. Nf3 Qh5 20. h3 Rbf7 21. b4 Bd6 22. Rad1 Bc7 23. c4 Ne8 24. Qe4 Rxf3 25. gxf3 Qxh3 26. Qxe6+ Qxe6 0-1

[Event "44th Chess Olympiad Open 2022"]
[Site "Chennai"]
[Date "2022.08.05"]
[Round "7.73"]
[White "Fuad, Ahmed Mufleh"]
[Black "Gurner, Jem"]
[Result "0-1"]
[ECO "B06"]
[WhiteElo "2086"]
[BlackElo "1800"]
[Annotator "TA"]
[PlyCount "102"]
[EventDate "2022.07.29"]
[EventType "team-tourn"]
[EventCountry "IND"]
[SourceTitle "playchess.com"]
[Source "ChessBase"]
[SourceQuality "1"]
[WhiteTeam "Yemen"]
[BlackTeam "Channel Islands"]
[WhiteTeamCountry "YEM"]
[BlackTeamCountry "JCI"]
[TimeControl "40/5400+30:1800+30"]

1. d4 g6 2. e4 Bg7 3. Be3 d6 4. Bd3 c5 5. c3 cxd4 6. Bxd4 {[%emt 0:01:06] B06: Modern Defence.} Nf6 {[%emt 0:01:08] [#]} 7. Nd2 $146 ({Predecessor:} 7. Nf3 O-O 8. O-O Nc6 9. Be3 Bg4 10. Nbd2 Ne5 11. Be2 Bxf3 12. Bxf3 Qc7 13. Be2 {½-½ (36) Luong,H (1982)-Vo,T (1766) Bac Giang 2020}) 7... O-O 8. Ne2 {[%emt 0:00:48] Black is slightly better.} Nc6 (8... e5 $5 9. Be3 Ng4 $15) 9. O-O e5 10. Be3 Ng4 11. a4 Be6 ({Much worse is} 11... Qh4 $6 12. Nf3 Nxe3 13. Nxh4 $15) 12. Re1 Nxe3 ({Weaker is} 12... Qh4 13. Nf3 Nxe3 14. Nxh4 $15) 13. fxe3 Qb6 14. Nf1 (14. Kh1 $17 {is a better defense.}) 14... Qxb2 $19 15. Rb1 Qa3 16. Rxb7 Rab8 17. Rxb8 Rxb8 18. Qa1 Qxa1 19. Rxa1 Na5 20. Bb5 Bc4 (20... Nb7 $19 21. Rd1 Bf8) 21. Nc1 Bh6 {[%emt 0:04:59] Black is more active.} 22. Bxc4 (22. Kf2 $17) 22... Nxc4 23. Kf2 Rb2+ 24. Kf3 Rc2 25. Ne2 a5 26. Kf2 Kf8 27. Kf3 Ke7 28. Kf2 (28. h4 $142) 28... Ke6 29. Kf3 Bg5 30. g4 Bd8 31. Kf2 Bb6 32. Kf3 Bc5 33. Kf2 Rb2 34. Kf3 Rb3 35. Kf2 Ba3 36. Ke1 Bb2 37. Rb1 Bxc3+ 38. Nxc3 Rxc3 {[%emt 0:00:07][%mdl 4096] Endgame KRN-KRN} 39. Rb8 Ra3 40. Rh8 (40. Ke2 {might work better.}) 40... Nxe3 41. Nxe3 Rxe3+ {[%emt 0:30:09] KR-KR} 42. Kf2 Rxe4 43. Kf3 Rf4+ 44. Kg3 Rxa4 {[%emt 0:00:15] [#] White must now prevent ...Ra1.} 45. Rxh7 Ra1 46. Rh8 a4 47. Ra8 a3 {[%emt 0:00:11] aiming for ...a2.} 48. Kg2 a2 49. Ra5 e4 {[%emt 0:00:27][%cal Be5e4,Be4e3][%mdl 32] Black mates.} 50. Ra3 Kf6 51. h4 e3 {[%emt 0:00:29] Weighted Error Value: White=0.77/Black=0.10 (very precise)} 0-1

[Event "44th Chess Olympiad Open 2022"]
[Site "Chennai"]
[Date "2022.08.05"]
[Round "7.73"]
[White "Muhammed, Shuaau"]
[Black "Carpenter, Paul A"]
[Result "1/2-1/2"]
[ECO "B07"]
[WhiteElo "1987"]
[BlackElo "1938"]
[Annotator "TA"]
[PlyCount "104"]
[EventDate "2022.07.29"]
[EventType "team-tourn"]
[EventCountry "IND"]
[SourceTitle "playchess.com"]
[Source "ChessBase"]
[SourceQuality "1"]
[WhiteTeam "Maldives"]
[BlackTeam "Channel Islands"]
[WhiteTeamCountry "MDV"]
[BlackTeamCountry "JCI"]
[TimeControl "40/5400+30:1800+30"]

1. e4 d6 2. d4 Nf6 3. Nc3 c6 4. Bg5 Nbd7 5. Qd2 e5 6. f4 {[%emt 0:08:43] B07: Pirc Defence: Miscellaneous Systems.} h6 7. Bxf6 Qxf6 8. Nge2 Be7 9. g3 {[#]} Nb6 $146 ({Predecessor:} 9... O-O 10. Bg2 Nb6 11. b3 exd4 12. Nxd4 Qg6 13. O-O Bd7 14. Rae1 Rad8 15. a4 Na8 {0-1 (39) De Seroux,C (2008)-Meszaros,G (2437) Geneve 2010}) 10. b3 {[%emt 0:02:55] Against Nc4} Bg4 11. Bg2 Bxe2 ({Black should play} 11... g5 $15) 12. Nxe2 $11 exd4 13. Qxd4 ({Of course not} 13. Nxd4 c5 14. e5 dxe5 $17) 13... Qxd4 14. Nxd4 Bf6 15. O-O-O O-O-O 16. c4 (16. a4 $5 ) 16... g6 {[%emt 0:02:36] Inhibits Nf5.} 17. h4 h5 18. Rd3 Kc7 19. Kc2 a5 20. Ne2 Nd7 21. Nc3 Nc5 22. Re3 Rhe8 23. Rhe1 Ne6 24. Ne2 Re7 25. e5 (25. Nc3 $15) 25... dxe5 $17 26. fxe5 Bg7 27. Bh3 (27. Rd1 $17) 27... Rde8 ({Black should try} 27... Bh6 $1 $19 28. Rf3 (28. Rd3 $2 Rxd3 29. Kxd3 Nc5+ 30. Kd4 f5 $19) 28... Rd2+ 29. Kb1 Nc5) 28. Rf1 Nd8 29. e6 (29. Kd3 $17 {was worth a try.}) 29... f5 $1 $19 ({Stronger than} 29... Nxe6 30. Bxe6 fxe6 31. Nf4 $15) 30. Nf4 {[%emt 0:02:04] [#]} Nxe6 (30... Bh6 $1 $19 {aiming for ...Bxf4.} 31. Bg2 Bxf4 32. gxf4 Rxe6) 31. Rfe1 $17 Nd4+ 32. Kd3 Rxe3+ 33. Rxe3 {[%emt 0:00:03] [#]} Rxe3+ (33... Rd8 $1 $17 {White must now prevent ...Nxb3+.} 34. Re7+ Kb8 35. Nxg6 Nxb3+ 36. Kc2 Nd4+ 37. Kb1 Bh6) 34. Kxe3 {[%emt 0:00:01][%mdl 4096] Endgame KBN-KBN} Nc2+ 35. Kf3 Nd4+ 36. Kf2 Kd6 37. Nxg6 Bh6 38. Bg2 (38. Nf4 $11) 38... Ke6 (38... Kc5 $1 $15 39. Bh3 Kb4) 39. Bf3 {[%emt 0:00:03] The position is equal.} Nxf3 40. Kxf3 $11 {[%emt 0:00:02] KB-KN} b5 41. Nf4+ Ke5 {[%emt 0:14:21] ...Bxf4 is the strong threat.} (41... Bxf4 42. Kxf4 Kf6 43. a3 $18) 42. cxb5 cxb5 {[%emt 0:00:00] Threatens to win with ...Bxf4.} 43. Nxh5 Kd4 44. Nf6 Kc3 {[%emt 0:00:00] Strongly threatening ...Kb2.} 45. Ke2 Kb2 46. Kd3 Kxa2 47. Kc2 Be3 48. Nd5 Bf2 49. Nc3+ Ka3 50. Nxb5+ Kb4 51. Nd6 Bxg3 52. Nxf5 Bxh4 {[%emt 0:00:00] White happily takes the draw.  Weighted Error Value: White=0.17 (very precise) /Black=0.14 (very precise)} 1/2-1/2

[Event "44th Chess Olympiad Open 2022"]
[Site "Chennai"]
[Date "2022.08.05"]
[Round "7.73"]
[White "Wojciechowski, Paul"]
[Black "Ashraf, Ahmed Ramadan"]
[Result "0-1"]
[ECO "C84"]
[WhiteElo "1944"]
[BlackElo "1916"]
[Annotator "TA"]
[PlyCount "90"]
[EventDate "2022.07.29"]
[EventType "team-tourn"]
[EventCountry "IND"]
[SourceTitle "playchess.com"]
[Source "ChessBase"]
[SourceQuality "1"]
[WhiteTeam "Channel Islands"]
[BlackTeam "Egypt"]
[WhiteTeamCountry "JCI"]
[BlackTeamCountry "EGY"]
[TimeControl "40/5400+30:1800+30"]

1. e4 e5 2. Nf3 Nc6 3. Bb5 a6 4. Ba4 Nf6 5. d4 b5 6. Bb3 Be7 7. O-O d6 8. c3 Bg4 (8... Nxe4 $2 9. Bd5 Bb7 10. Bxe4 $18) 9. d5 {[%emt 0:05:13] C84: Closed Ruy Lopez: Unusual White 6th moves.} Na5 10. Bc2 O-O 11. Qd3 (11. Nbd2 $11) 11... c6 $15 12. dxc6 Nxc6 {[%emt 0:00:19] [#]} (12... Qc7 {keeps more tension.} 13. Rd1 Rfd8 14. h3 Bh5) 13. Nbd2 $146 ({Predecessor:} 13. h3 Bh5 14. Nh2 b4 15. Bd2 Bg6 16. Qe2 d5 17. exd5 Bxc2 18. dxc6 Bd3 19. Qf3 {0-1 (33) Ceccaldi,D (1900)-Massoni,M (1830) Bastia 2003}) 13... Qc7 14. Re1 Rac8 15. Nf1 b4 (15... Nb4 $5 16. cxb4 Qxc2 17. Qxc2 Rxc2 $15) 16. Ne3 g6 17. Qxa6 bxc3 18. bxc3 Bxf3 19. gxf3 Nb8 20. Qd3 Nbd7 21. Bd2 Nc5 22. Qe2 Qd7 23. Qf1 Bd8 24. c4 Ne6 25. Rec1 Nf4 26. Bd1 Bb6 27. Ng4 Nxg4 28. fxg4 Ne6 29. Rab1 Bd4 {[%emt 0:00:34][%mdl 1024] Black has compensation.} 30. Qe2 Qe7 31. Rb3 (31. a4 $11 {might be stronger.}) 31... Ra8 32. a3 Bc5 33. Be3 ({White should try} 33. Qd3 $1 $15) 33... Rxa3 34. Bxc5 Rxb3 35. Bxd6 {[%emt 0:00:25] [#]} Qxd6 36. Bxb3 Qa3 37. Qe3 Rd8 38. Bc2 {[%emt 0:04:28] [#]} (38. c5 $11) 38... Qb2 $1 $17 {[%emt 0:00:49] Threatens to win with ...Rd4. Black is more active.} 39. Ba4 $2 (39. c5 {was called for.} Nxc5 40. Rd1) 39... Nf4 {[%emt 0:00:56] aiming for ...Ne2+.} 40. Rd1 $2 (40. Rf1) 40... Ra8 $19 41. Bb5 Ra1 42. Rf1 Rxf1+ {[%emt 0:01:42] Black mates.} 43. Kxf1 Qb1+ 44. Qe1 Qd3+ 45. Kg1 Qf3 {[%emt 0:01:36] Weighted Error Value: White=0.71/Black=0.22 (precise)} (45... Qh3 $142 46. Qf1 Qxg4+ 47. Kh1 Qf3+ 48. Kg1 Ne2+ 49. Qxe2 Qxe2 50. Bc6 Qxc4 51. Bd5 Qc1+ 52. Kg2 Qg5+ 53. Kh1 Qg4 54. Bb7 h5 55. f3 Qxf3+ 56. Kg1 Qd1+ 57. Kf2 Qc2+ 58. Kg1 Qb1+ 59. Kf2 Qxb7 60. Ke3 Qb3+ 61. Kd2 h4 62. h3 Qxh3 63. Kc2 Qg3 64. Kd2 h3 65. Kc2 h2 66. Kd2 h1=Q 67. Kc2 Qhh2+ 68. Kd1 Qgg1#) 0-1

[Event "44th Chess Olympiad Open 2022"]
[Site "Chennai"]
[Date "2022.08.05"]
[Round "7.73"]
[White "Forbes, Garry"]
[Black "Mujahid Bin Yazeed"]
[Result "1-0"]
[ECO "A83"]
[WhiteElo "1908"]
[BlackElo "1418"]
[Annotator "NA COMBH"]
[PlyCount "51"]
[EventDate "2022.07.29"]
[EventType "team-tourn"]
[EventCountry "IND"]
[SourceTitle "playchess.com"]
[Source "ChessBase"]
[SourceQuality "1"]
[WhiteTeam "Channel Islands"]
[BlackTeam "Maldives"]
[WhiteTeamCountry "JCI"]
[BlackTeamCountry "MDV"]
[TimeControl "40/5400+30:1800+30"]

1. d4 f5 2. Nc3 Nf6 3. Bg5 e6 4. e4 fxe4 5. Nxe4 Be7 6. Bxf6 Bxf6 7. Qd2 d5 8. Ng3 c5 9. c3 cxd4 10. cxd4 Qb6 11. Nf3 Nc6 12. Rd1 a5 13. a3 a4 14. Be2 Na5 15. Nh5 Bd7 16. O-O O-O 17. Nxf6+ Rxf6 18. Ne5 Bb5 19. Qb4 Nc4 20. Nxc4 dxc4 21. Bxc4 Ra5 22. Rc1 h6 23. Bd3 g6 24. Rc8+ Kg7 25. Rfc1 Rf7 26. R1c5 1-0

[Event "44th Chess Olympiad Open 2022"]
[Site "Chennai"]
[Date "2022.08.05"]
[Round "7.74"]
[White "Ayyad, Maher"]
[Black "Ebosse Kingue Victor Patrick"]
[Result "1-0"]
[ECO "E65"]
[WhiteElo "2101"]
[BlackElo "2054"]
[Annotator "TA"]
[PlyCount "71"]
[EventDate "2022.07.29"]
[EventType "team-tourn"]
[EventCountry "IND"]
[SourceTitle "playchess.com"]
[Source "ChessBase"]
[SourceQuality "1"]
[WhiteTeam "Brunei"]
[BlackTeam "CMR"]
[WhiteTeamCountry "BRN"]
[TimeControl "40/5400+30:1800+30"]

1. d4 Nf6 2. Nf3 g6 3. g3 Bg7 4. Bg2 O-O 5. O-O d6 6. b3 c5 7. Bb2 cxd4 8. Nxd4 a6 9. c4 Qc7 10. Nc3 e6 {[%emt 0:01:46] E65: King's Indian: Fianchetto: 6...c5 7 0-0 without d5 by White.} 11. Rc1 Nc6 {[%emt 0:02:57] [#]} 12. Nd5 $1 Nxd5 {[%emt 0:09:41] White is better.} (12... exd5 13. cxd5) 13. cxd5 exd5 14. Bxd5 Bd7 15. Nxc6 {[%emt 0:01:45] [#]} Bxc6 $146 ({Predecessor:} 15... bxc6 16. Bxg7 Kxg7 17. Qd4+ Kg8 18. Rfd1 Qa5 19. Bf3 Qxa2 20. Qxd6 Be6 21. b4 Bd5 {1-0 (51) Popchev,M (2235)-Zotova,A (2007) Novi Sad 2021}) 16. Bxg7 Kxg7 17. Qd4+ f6 18. Rfd1 Rfd8 19. Rd3 Qd7 20. Rf3 Rf8 21. Rfc3 $36 {[%emt 0:01:29][%cal Rd5c6][%mdl 2048] Black is under strong pressure.} Rfc8 {[%emt 0:03:28] [#]} 22. Qb6 $2 {[%emt 0:02:08] White is much more active.} Qc7 (22... Bxd5 $19 {avoids the disaster.} 23. Rc7 Kg8) 23. Qxc7+ Rxc7 24. b4 ({Much weaker is} 24. Bxc6 $6 Rac8 $14) 24... Rb8 (24... Re7 $16 25. Bxc6 bxc6) 25. a3 $18 ({Don't take} 25. Bxc6 $6 Rbc8 $16) 25... Re7 (25... g5 $142 26. R3c2 (26. Bxc6 Rbc8 $14) 26... Rbc8) 26. Bxc6 bxc6 27. Rxc6 Rxe2 28. Rxa6 {[%emt 0:00:34][%mdl 4096] Endgame KRR-KRR} Ra2 (28... g5 $142 29. Rxd6 Rb7) 29. Rc7+ Kh6 30. Rxd6 Rxa3 31. Rxf6 Rxb4 32. Rff7 Rb2 (32... Rb6 $142 33. Rxh7+ Kg5) 33. Rxh7+ Kg5 34. Rcf7 {[%emt 0:01:03] Against Rf3. Threatens to win with Rf4.} Ra4 {[%emt 0:09:22] Prevents Rf4.} 35. Kg2 Rc4 36. Kh3 {[%emt 0:00:32] Weighted Error Value: White=0.36/Black=0.83} (36. h4+ $142 Rxh4 37. gxh4+ Kg4 38. Rh6 g5 39. Rg7 Kf5 40. hxg5 Ke5 41. Rf6) 1-0

[Event "44th Chess Olympiad Open 2022"]
[Site "Chennai"]
[Date "2022.08.05"]
[Round "7.74"]
[White "Amba Oyon Marius Claude"]
[Black "Ayyad, Husain"]
[Result "0-1"]
[ECO "C96"]
[WhiteElo "1938"]
[BlackElo "2209"]
[Annotator "NA RC"]
[PlyCount "136"]
[EventDate "2022.07.29"]
[EventType "team-tourn"]
[EventCountry "IND"]
[SourceTitle "playchess.com"]
[Source "ChessBase"]
[SourceQuality "1"]
[WhiteTeam "CMR"]
[BlackTeam "Brunei"]
[BlackTeamCountry "BRN"]
[TimeControl "40/5400+30:1800+30"]

1. e4 e5 2. Nf3 Nc6 3. Bb5 a6 4. Ba4 Nf6 5. O-O Be7 6. Re1 b5 7. Bb3 O-O 8. c3 d6 9. h3 Na5 10. Bc2 c5 11. d4 cxd4 12. cxd4 Nc6 13. Nc3 exd4 14. Nd5 Nxd5 15. exd5 Nb4 16. Bb3 d3 17. Bd2 Nc2 18. Bxc2 dxc2 19. Qxc2 Bb7 20. Ba5 Qd7 21. Qc7 Qxc7 22. Bxc7 Rfe8 23. Rad1 Rac8 24. Ba5 Bf6 25. Rxe8+ Rxe8 26. Rd2 Re4 27. Bc7 Be7 28. b3 Kf8 29. g3 Ke8 30. Kf1 Kd7 31. Ba5 Bf6 32. Kg2 g5 33. g4 h6 34. Rd3 Re8 35. Bd2 Rc8 36. Bb4 Rc2 37. a3 Bd8 38. h4 gxh4 39. Bd2 Rc5 40. Kh3 Rxd5 41. Rxd5 Bxd5 42. Nxh4 Bxh4 43. Kxh4 Bxb3 44. Bxh6 a5 45. Bd2 b4 46. axb4 a4 47. Kg5 Kc6 48. Kf6 Kd5 49. Kxf7 Kc4 50. Ke7 a3 51. Bc1 a2 52. Bb2 d5 53. Kd6 d4 54. b5 d3 55. b6 d2 56. b7 d1=Q+ 57. Kc7 Qc2 58. b8=Q Qxb2 59. Qg8+ Kb4 60. Qf8+ Kc3 61. Qc5+ Kd2 62. Qe3+ Kd1 63. Qf3+ Qe2 64. Qh1+ Kc2 65. Qh8 Kb1 66. Qh1+ Bd1 67. Qb7+ Kc1 68. Qa7 Qe5+ 0-1

[Event "44th Chess Olympiad Open 2022"]
[Site "Chennai"]
[Date "2022.08.05"]
[Round "7.74"]
[White "Al-Burshaid, Ebrahim"]
[Black "Zebaze Dongmo Loic Dylane"]
[Result "0-1"]
[ECO "C17"]
[WhiteElo "1702"]
[BlackElo "1837"]
[Annotator "NA RC COMBH"]
[PlyCount "124"]
[EventDate "2022.07.29"]
[EventType "team-tourn"]
[EventCountry "IND"]
[SourceTitle "playchess.com"]
[Source "ChessBase"]
[SourceQuality "1"]
[WhiteTeam "Brunei"]
[BlackTeam "CMR"]
[WhiteTeamCountry "BRN"]
[TimeControl "40/5400+30:1800+30"]

1. e4 e6 2. d4 d5 3. Nc3 Bb4 4. e5 c5 5. Bd2 cxd4 6. Nb5 Bf8 7. Nf3 Nc6 8. Nbxd4 Nge7 9. Bd3 Nxd4 10. Nxd4 Nc6 11. Nf3 Nb4 12. Be2 Be7 13. O-O Bd7 14. a3 Nc6 15. Bd3 O-O 16. Re1 Qb6 17. Qe2 Rac8 18. Be3 Qc7 19. Bg5 f6 20. exf6 Bxf6 21. Bxf6 Rxf6 22. Ne5 Nxe5 23. Qxe5 Qb6 24. Re2 Rcf8 25. Rf1 Be8 26. c4 Bc6 27. b4 a6 28. Qd6 Qd4 29. Bb1 Qxc4 30. Qe5 Bb5 31. Rfe1 Qg4 32. h3 Qh4 33. Rd2 Kh8 34. f3 Qc4 35. Ba2 Qc6 36. Bb1 Rc8 37. Qh5 h6 38. Kh1 Qc3 39. Rdd1 Qxa3 40. Rxe6 Qb3 41. Ree1 Qxb4 42. Qxd5 Be8 43. Ba2 Bg6 44. Rc1 Rfc6 45. Rcd1 Qc5 46. Qd8+ Qf8 47. Qd7 R6c7 48. Qd4 Re7 49. Rxe7 Qxe7 50. Qg4 Rc6 51. Qd4 Kh7 52. h4 Rc2 53. h5 Bf5 54. Bb1 Rc5 55. Bxf5+ Rxf5 56. Qd3 g6 57. hxg6+ Kxg6 58. g4 Kg5 59. Qxf5+ Kh4 60. Qh5+ Kg3 61. Qh2+ Kxf3 62. Rf1+ Kxg4 0-1